 Dungeon Crawl Stone Soup version 0.19-a0-1002-g674d22e (console) character file.

2486 brucemayne the Cleaver (level 9, -4/99 HPs)
             Began as a Vampire Berserker on July 18, 2016.
             Was a Priest of Trog.
             Killed by dispel undead
             ... invoked by Josephine
              (32 damage)
             ... on level 10 of the Dungeon.
             The game lasted 00:13:24 (3314 turns).

brucemayne the Cleaver (Vampire Berserker)          Turns: 3314, Time: 00:13:25

Health: -4/99      AC: 16    Str: 24      XL:     9   Next: 27%
Magic:  9/9        EV:  7    Int:  9      God:    Trog [***...]
Gold:   360        SH:  5    Dex: 10 (14) Spells: 0 memorised, 8 levels left

rFire  . . .     SeeInvis +     u - +0 war axe
rCold  . . .     Gourm    .     A - +0 plate armour
rNeg   + . .     Faith    .     E - +0 buckler
rPois  .         Spirit   .     (no helmet)
rElec  .         Dismiss  .     C - +0 cloak
rCorr  .         Reflect  .     (no gloves)
SustAt .         Harm     .     (no boots)
MR     ++...                    B - amulet of rage
Stlth  ..........               (no ring)
                                g - +4 ring of protection

@: berserking, regenerating, very quick, very resistant to hostile enchantments,
extremely unstealthy
A: fangs 3, see invisible, unbreathing
a: Bat Form, Berserk, Trog's Hand, Burn Spellbooks, Renounce Religion, Evoke
Berserk Rage


You were on level 10 of the Dungeon.
You worshipped Trog.
Trog was most pleased with you.
You were not thirsty.

You visited 1 branch of the dungeon, and saw 10 of its levels.

You collected 360 gold pieces.

Inventory:

Hand Weapons
 s - the +6 dagger "Titejema" {venom, MR+, unknown}
   (You found it on level 4 of the Dungeon)

   It poisons the flesh of those it strikes.
   It affects your resistance to hostile enchantments.
 u - a +0 war axe (weapon)
 x - a +0 blowgun
 y - a +0 war axe
Missiles
 d - 39 poisoned needles
Armour
 b - a +0 animal skin
 p - the +0 robe "Iluzoz" {Str+3, unknown}
   (You found it on level 4 of the Dungeon)

   It affects your strength (+3).
 r - a +0 chain mail
 A - a +0 plate armour (worn)
 C - a +0 cloak (worn)
 E - a +0 buckler (worn)
Jewellery
 g - a +4 ring of protection (left hand)
 B - an amulet of rage (around neck)
 G - a +4 ring of intelligence
Wands
 o - a wand of iceblast (3/15)
 F - a wand of flame (0/48)
 J - a wand of polymorph (8/24)
Scrolls
 a - 3 scrolls of remove curse {unknown}
 e - 8 scrolls of identify
 f - a scroll of summoning {unknown}
 h - 2 scrolls of recharging
 i - 2 scrolls of teleportation {unknown}
 j - 3 scrolls of random uselessness {unknown}
 l - 3 scrolls of magic mapping {unknown}
 m - 2 scrolls of amnesia
 n - 3 scrolls of enchant weapon {unknown}
 q - 2 scrolls of blinking {unknown}
 t - a scroll of enchant armour {unknown}
 D - a scroll of immolation {unknown}
Potions
 c - 14 potions of blood
 k - a potion of magic
 v - a potion of curing {unknown}
 w - 2 potions of might {unknown}
 z - a potion of agility {unknown}
Books
 H - a book of Beasts

   Spells                             Type                      Level
   a - Summon Butterflies             Summoning                    1
   b - Call Canine Familiar           Summoning                    3
   c - Summon Ice Beast               Ice/Summoning                4
   d - Summon Mana Viper              Hexes/Summoning              5
   e - Summon Hydra                   Summoning                    7
   Trog disapproves of the use of such an item.
 I - a book of Flames

   Spells                             Type                      Level
   a - Flame Tongue                   Conjuration/Fire             1
   b - Throw Flame                    Conjuration/Fire             2
   c - Conjure Flame                  Conjuration/Fire             3
   d - Inner Flame                    Hexes/Fire                   3
   e - Sticky Flame                   Conjuration/Fire             4
   f - Fireball                       Conjuration/Fire             5
   Trog disapproves of the use of such an item.


   Skills:
 - Level 4.4 Fighting
 + Level 9.6 Axes
 + Level 3.0 Armour
 - Level 2.1 Dodging
 - Level 5.0 Shields


You had 8 spell levels left.
You didn't know any spells.

Dungeon Overview and Level Annotations

Branches:
Dungeon (10/15)              Lair (0/6) D:10
 Temple: D:4-7          Orc: D:9-12

Altars:
Pakellas
Sif Muna
Yredelemnul
Zin

Annotations:
D:8 exclusion: downstairs
D:10 Josephine


Innate Abilities, Weirdness & Mutations

You have razor-sharp teeth.
You have supernaturally acute eyesight. (SInv)
You can survive without breathing.


Message History

You slash Josephine! Your bite misses Josephine.
Josephine is moderately wounded.
Josephine hits you but does no damage.
Your plate armour prevents you from hitting Josephine.
Josephine is moderately wounded.
You slash Josephine!
Josephine is heavily wounded.
Josephine barely misses you.
A wraith comes into view.
You slash Josephine! You bite Josephine!
Josephine is almost dead.
Josephine barely misses you.
A wraith comes into view.
You closely miss Josephine.
Josephine is almost dead.
You hit Josephine. Your bite misses Josephine.
Josephine is almost dead.
Josephine casts a spell at you.
You convulse!
You die...

#...#.....#).#
#(..#.....#..# #.
.#######..###### #.
................ #.
..####'##......
#.#####.....#......
#.#.........#......
#.#.........#....##
#.@.........#....#
#@#.........#..>.#
#W###########....#
WW .....# ... ....
#.... .....


You could see Josephine and 3 wraiths.

Vanquished Creatures
  2 trolls (D:9)
  A wyvern (D:8)
  A human (D:4)
  2 orc warriors (D:6)
  2 sky beasts (D:8)
  An ice beast (D:6)
  2 ogres
  3 centaurs
  4 giant frogs
  A wyvern zombie (D:8)
  2 scorpions
  A centaur zombie (D:9)
  A quasit (D:10)
  A giant frog zombie (D:7)
  An orc priest (D:8)
  A centaur skeleton (D:7)
  A giant frog skeleton (D:8)
  An orc wizard (D:8)
  2 worker ants
  A killer bee zombie (D:8)
  A hound skeleton (D:6)
  A worker ant zombie (D:7)
  3 gnolls (D:4)
  4 adders
  A shadow imp (D:6)
  An ooze (D:1)
  An adder skeleton (D:4)
  8 dart slugs
  19 orcs
  3 bats
  3 giant cockroaches
  9 goblins
  5 hobgoblins
  7 jackals
  5 quokkas
  A ball python (D:3)
  4 giant newts
  A goblin zombie (D:4)
  10 kobolds
  A kobold skeleton (D:4)
  A kobold zombie (D:4)
  A quokka skeleton (D:3)
  2 rats (D:1)
123 creatures vanquished.

Notes
Turn   | Place    | Note
-------+----------+-------------------------------------------
     0 | D:1      | brucemayne the Vampire Berserker began the quest for the Orb.
     0 | D:1      | Reached XP level 1. HP: 17/17 MP: 1/1
    52 | D:1      | Reached skill level 3 in Axes
    59 | D:1      | Reached XP level 2. HP: 4/23 MP: 2/2
   352 | D:2      | Reached ** piety under Trog
   366 | D:2      | Reached XP level 3. HP: 26/28 MP: 3/3
   460 | D:3      | Reached skill level 4 in Axes
   754 | D:5      | Entered Level 5 of the Dungeon
   790 | D:4      | Noticed a scorpion
   812 | D:4      | Killed a scorpion
   812 | D:4      | Reached skill level 5 in Axes
   812 | D:4      | Reached XP level 4. HP: 29/34 MP: 4/4
   902 | D:4      | Got a transparent robe
   903 | D:4      | Found a deep blue altar of Sif Muna.
   953 | D:4      | Found a runed door.
   953 | D:4      | Noticed a human
   968 | D:4      | Found a basalt altar of Yredelemnul.
  1023 | D:4      | Killed a human
  1023 | D:4      | Reached skill level 6 in Axes
  1023 | D:4      | Reached XP level 5. HP: 18/39 MP: 5/5
  1092 | D:4      | Reached XP level 6. HP: 24/46 MP: 6/6
  1175 | D:4      | Got a polished dagger
  1425 | D:4      | Reached *** piety under Trog
  1471 | D:4      | Reached skill level 7 in Axes
  1530 | D:5      | HP: 3/69 [centaur/arrow (5)]
  1533 | D:5      | Reached XP level 7. HP: 5/51 MP: 7/7
  1820 | D:6      | Reached skill level 8 in Axes
  2297 | D:6      | Reached XP level 8. HP: 54/59 MP: 8/8
  2447 | D:8      | Reached skill level 9 in Axes
  2495 | D:8      | Reached skill level 1 in Shields
  2587 | D:9      | Noticed a troll
  2612 | D:8      | Got a shimmering flail
  2613 | D:8      | Identified the +1 flail "Xoihak" {crush, Str+3 Dex+3} (You found it on level 8 of the Dungeon)
  2731 | D:8      | Found a glowing silver altar of Zin.
  2763 | D:10     | Entered Level 10 of the Dungeon
  2765 | D:10     | Found a staircase to the Lair.
  2815 | D:8      | Found an oddly glowing altar of Pakellas.
  3023 | D:9      | Reached skill level 5 in Shields
  3023 | D:9      | Reached XP level 9. HP: 52/66 MP: 9/9
  3097 | D:9      | Killed a troll
  3114 | D:9      | Noticed a troll
  3140 | D:9      | Killed a troll
  3305 | D:10     | Noticed Josephine
  3314 | D:10     | Killed from afar by Josephine

Vault maps used:
D:1:      sevenhm_arrival_forest_fort_small_4, minmay_misc_feat_chi,
          patterned_corridor
D:2:      uniq_sigmund
D:3:      nicolae_tso_swordbearing_angel
D:4:      corexii_shantytown, nicolae_overflow_hidden_temple, first_bread,
          dk_yredelemnul_ordeal
D:5:      kennysheep_slugbush, serial_shops, nicolae_shop_statue_plus
D:7:      roderic_batcave
D:8:      zin_treasury, johnstein_pakellas_death_squad, kennysheep_mini,
          grunt_livestock
D:9:      tgw_xom, uniq_erica
D:10:     minmay_goldmine, dpeg_oklobed_lair, erik_orc_2,
          minmay_misc_feat_plants, uniq_josephine, uniq_sonja

Skill      XL: |  1  2  3  4  5  6  7  8  9 |
---------------+----------------------------+-----
Axes           | 3 5 6 7 8 9 |  9.6
Fighting       | 3 4 |  4.4
Shields        | 5 |  5.0
Armour         | 3 |  3.0
Dodging        | |  2.1

Action                   |  1- 3 |  4- 6 |  7- 9 || total
-------------------------+-------+-------+-------++-------
Melee: Hand axe          |    92 |    70 |       ||   162
       Bite              |     8 |     6 |    31 ||    45
       War axe           |       |    28 |   259 ||   287
Invok: Berserk           |     3 |     4 |     5 ||    12
       Trog's Hand       |     2 |     2 |     5 ||     9
 Abil: End Transformatio |       |     2 |     2 ||     4
       Bat Form          |       |     2 |     2 ||     4
  Use: Potion            |     4 |     7 |    14 ||    25
       Scroll            |     5 |       |     1 ||     6
 Stab: Sleeping          |     2 |     2 |       ||     4
Armor: Animal skin       |    36 |    11 |       ||    47
       Chain mail        |       |    27 |    17 ||    44
       Plate armour      |       |       |   187 ||   187
Dodge: Dodged            |    68 |    47 |   104 ||   219
Block: Buckler           |       |       |    44 ||    44
